 Dungeon Crawl Stone Soup version 0.28-a0-751-gef3a642a4e (webtiles) character file.

Game seed: 5555567144102063524

102 funkygono the Firebug (level 4, -1/24 HPs)
             Began as a Gargoyle Fire Elementalist on Oct 30, 2021.
             Killed from afar by Blork the orc (4 damage)
             ... with a puff of frost
             ... on level 4 of the Dungeon.
             The game lasted 00:05:01 (3356 turns).

funkygono the Firebug (Gargoyle Fire Elementalist)  Turns: 3356, Time: 00:05:01

Health: -1/24      AC:  7    Str: 11    XL:     4   Next: 78%
Magic:  1/8        EV: 12    Int: 17    God:
Gold:   99         SH:  0    Dex: 12    Spells: 3/9 levels left

rFire   + . .      SeeInvis .   k - +1 flail (drain)
rCold   . . .      Faith    .   (no shield)
rNeg    + . .      Spirit   .   a - +0 robe
rPois   ∞          Reflect  .   c - +2 hat
rElec   +          Harm     .   (no cloak)
rCorr   .          Rampage  .   (no gloves)
Will    .....                   (no boots)
Stlth   ++........              (no amulet)
HPRegen 0.08/turn               i - ring of protection from fire
MPRegen 0.11/turn               (no ring)

@: no status effects
A: sickness immunity, AC +3, negative energy resistance 1, electricity
resistance, torment resistance 1, petrification resistance, agile 1, MP-powered
wands
a: no special abilities


You were on level 4 of the Dungeon.
You visited 1 branch of the dungeon, and saw 4 of its levels.

You collected 99 gold pieces.

Inventory:

Hand Weapons
 b - a +0 whip
 k - a +1 flail of draining (weapon)
Missiles
 e - 121 stones
Armour
 a - a +0 robe (worn)
 c - a +2 hat (worn)
 f - a +0 leather armour
 g - a +0 kite shield
Jewellery
 i - a ring of protection from fire (left hand)
Wands
 d - a wand of iceblast (7)
Scrolls
 j - a scroll of enchant armour {unknown}


   Skills:
 + Level 1.7 Dodging
 - Level 2.1 Stealth
 * Level 3.1 Spellcasting
 * Level 2.0 Conjurations
 * Level 4.2 Fire Magic


You had 3 spell levels left.
You knew the following spells:

 Your Spells              Type           Power      Damage    Failure   Level
a - Foxfire               Conj/Fire      52%        2x1d6     4%          1
b - Scorch                Fire           32%        2d6       4%          2
c - Conjure Flame         Conj/Fire      13%        6-21      14%         3

Your spell library contained the following spells:

 Spells                   Type           Power      Damage    Failure   Level
 Inner Flame              Hex/Fire       9%         N/A       22%         3
 Flame Wave               Conj/Fire      13%        3d5       43%         4


Dungeon Overview and Level Annotations

Branches:
Dungeon (4/15)             Temple (0/1) D:4

Altars:
Gozag

Annotations:
D:4 Blork the orc


Innate Abilities, Weirdness & Mutations

You are immune to sickness and miasma.
Your stone body is resilient. (AC +3)
You are immune to poison.
You resist negative energy. (rN+)
You are resistant to electric shocks. (rElec)
You are resistant to unholy torment.
You are immune to petrification.
You are agile. (Dex +2)
You expend magic power (3 MP) to strengthen your wands.


Message History

Blork the orc barely misses you.
The foxfire hits Blork the orc.
Blork the orc is severely wounded.
The foxfire hits Blork the orc.
Blork the orc is severely wounded.
Blork the orc casts a spell at you. The puff of frost hits you!
* * * LOW HITPOINT WARNING * * *
You feel better.
Blork the orc screams, "I'm going to kill you!"
Your magical contamination has completely faded away.
Casting: Foxfire (safe; 4% risk of failure)
Confirm with . or Enter, or press ? or * to list all spells.
You conjure some foxfire!
Blork the orc casts a spell at you. The puff of flame misses you.
The foxfire hits Blork the orc but does no damage.
Blork the orc is severely wounded.
The foxfire hits Blork the orc.
Blork the orc is almost dead.
Blork the orc points at you and mumbles some strange words.
The puff of frost hits you.
Blork the orc gestures at you while chanting.
The puff of frost hits you.
* * * LOW HITPOINT WARNING * * *
Blork the orc gestures wildly while chanting.
Blork the orc seems to speed up.
It was a potion of mutation.
You feel extremely strange.
You feel your magical essence link to the dungeon's wands.
You feel agile. Blork the orc casts a spell at you. The magic dart hits you.
* * * LOW HITPOINT WARNING * * *
Casting: Foxfire (safe; 4% risk of failure)
Confirm with . or Enter, or press ? or * to list all spells.
You don't have enough magic to cast this spell.
Blork the orc screams, "I'll decorate my home with your organs!"
Blork the orc gestures at you while chanting.
The puff of frost hits you.
You die...

..# #...............# #.##+#
##.##....##.....#
##+####.##.####'##....##.....#
#.........<......#....########
#................#...........#
#................#...........#
#................#...........#
#................#...........#
#.........o..@...#....##'#####
##+####+##...###...##....#.<.....
#..###..##...###...#######.......
#......>......#.....# #.......
#.............#.....# #.......
#.............#.....# #.......
###'###########....## ########
..... ###### ........


You could see Blork the orc (fast).

Vanquished Creatures
  An orc priest (D:4)
  An adder (D:3)
  A worm (D:2)
  A dart slug (D:2)
  4 orcs (D:4)
  3 bats
  10 endoplasms
  3 giant cockroaches
  4 goblins
  7 hobgoblins
  6 kobolds
  5 ball pythons
  2 frilled lizards
  3 rats
51 creatures vanquished.

Vanquished Creatures (others)
  156 foxfires
156 creatures vanquished.

Grand Total: 207 creatures vanquished

Notes
Turn   | Place    | Note
-------+----------+-------------------------------------------
     0 | D:1      | funkygono the Gargoyle Fire Elementalist began the quest
                  | for the Orb.
     0 | D:1      | Reached XP level 1. HP: 10/10 MP: 3/3
   221 | D:1      | Reached XP level 2. HP: 12/15 MP: 0/5
   224 | D:1      | Learned a level 2 spell: Scorch
  1157 | D:2      | Reached XP level 3. HP: 19/19 MP: 3/6
  1161 | D:2      | Learned a level 3 spell: Conjure Flame
  1831 | D:2      | Found a faded altar of an unknown god.
  2143 | D:3      | Found an opulent altar of Gozag.
  2602 | D:3      | Reached skill level 4 in Fire Magic
  2602 | D:3      | Reached XP level 4. HP: 24/24 MP: 5/8
  3332 | D:4      | Noticed Blork the orc
  3335 | D:4      | Found a staircase to the Ecumenical Temple.
  3354 | D:4      | Gained mutation: You expend magic power (3 MP) to
                  | strengthen your wands. [potion of mutation]
  3354 | D:4      | Gained mutation: You are agile. (Dex +2) [potion of
                  | mutation]
  3356 | D:4      | Killed from afar by Blork the orc

Illustrated notes

Levels and vault maps discovered:
D:1:      wander_arrival_peaceful_grave, layout_basic
D:2:      layout_loops_ring, basic_ecumenical_altar, kennysheep_generic_room_8
D:3:      layout_basic, grunt_gozag_breadcrumbs
D:4:      layout_gridville, nemelex_diamond_rough_becter,
          minmay_temple_entry_offerings, serial_shops, kennysheep_little_box,
          uniq_blork_the_orc, uniq_eustachio

Skill      XL: |  1  2  3  4 |
---------------+-------------+-----
Fire Magic     | 4 |  4.2
Spellcasting   | 3 |  3.1
Conjurations   | 2 |  2.0
Dodging        | |  1.7
Stealth        | |  2.1

Action                   |  1- 3 |  4- 6 || total
-------------------------+-------+-------++-------
Melee: Whip              |     4 |       ||     4
 Cast: Foxfire           |    70 |    26 ||    96
       Scorch            |     3 |     1 ||     4
  Use: Scroll            |     2 |     2 ||     4
       Potion            |       |     2 ||     2
Armor: Robe              |     4 |       ||     4
Dodge: Dodged            |     9 |     5 ||    14

Table legend: (Time is in decaauts)
 A = Elapsed time spent in this place.
 B = Non-inter-level travel time spent in this place.
 C = Inter-level travel time spent in this place.
 D = Time resting spent in this place.
 E = Time spent auto-exploring this place.
 F = Levels seen in this place.
 G = Mean time per level.
                   A        B        C        D        E       F      G
               +--------+--------+--------+--------+--------+-----+--------+
         Total |   3354 |   3269 |     85 |    115 |   2693 |   4 |  838.5 |
       Dungeon |   3354 |   3269 |     85 |    115 |   2693 |   4 |  838.5 |
               +--------+--------+--------+--------+--------+-----+--------+

Top non-repeatable levels by time:
     D:1: 1142 daAuts
     D:3: 997 daAuts
     D:2: 918 daAuts
     D:4: 295 daAuts
